[ AOE2 MATCH · #495325554 ]
UnrankedMongols vs Bulgarians
Player's team · WIN
[ REPLAY ANALYSIS · EXTRACTED FROM THE RECORDED GAME ]
Feudal
8:28
Castle
—
Imperial
—
| APM avg | 64.4 |
| APM peak | 92 |
| eAPM avg | 20.3 |
| Villagers / military | 27 / 5 |
Focus
⚔️ 41.3% · 🌾 58.7%
Scout Cavalry ×5
Feudal
—
Castle
—
Imperial
—
| APM avg | 69.5 |
| APM peak | 114 |
| eAPM avg | 28.4 |
| Villagers / military | 32 / 0 |
Focus
⚔️ 64.6% · 🌾 35.4%
Match map
Initial resources + every placement click. Lines = walls · curves = elevation contours. ◆ gold · ⬟ stone · ● berries · ✦ relic · ◌ wall gap
Your base
thankyou9527's base
Smoothed initial terrain · ◌ = detected wall gap · hover for details
Inputs per minute
— Shinwari - - thankyou9527
Build order — Shinwari
54 actions detected in the replay
| 0:00 | Create | Villager (Male) ×4 |
| 0:02 | Build | House |
| 0:03 | Build | House |
| 1:29 | Create | Villager (Male) |
| 1:54 | Build | Lumber Camp |
| 2:03 | Create | Villager (Male) |
| 2:17 | Create | Villager (Male) |
| 2:18 | Create | Villager (Male) |
| 2:45 | Create | Villager (Male) |
| 2:45 | Create | Villager (Male) |
| 3:02 | Create | Villager (Male) |
| 3:27 | Create | Villager (Male) |
| 3:27 | Create | Villager (Male) |
| 3:53 | Create | Villager (Male) |
| 4:20 | Create | Villager (Male) |
| 4:38 | Research | Loom |
| 4:39 | Build | House |
| 4:43 | Create | Villager (Male) |
| 5:12 | Create | Villager (Male) |
| 5:22 | Build | Mill |
| 5:43 | Create | Villager (Male) |
| 6:08 | Research | Feudal Age |
| 6:08 | Research | Feudal Age |
| 7:18 | Build | Barracks |
| 7:53 | Create | Villager (Male) |
| 8:12 | Build | House |
| 8:28 | Age | Feudal Age |
| 8:32 | Create | Villager (Male) |
| 8:33 | Build | Stable |
| 8:43 | Create | Villager (Male) |
| 8:57 | Build | Farm |
| 9:08 | Build | House |
| 9:15 | Create | Scout Cavalry |
| 9:17 | Create | Villager (Male) |
| 9:20 | Build | Farm |
| 9:22 | Research | Double-Bit Axe |
| 9:22 | Research | Double-Bit Axe |
| 9:31 | Create | Scout Cavalry |
| 9:38 | Build | House |
| 9:40 | Build | Palisade Wall |
| 9:46 | Create | Villager (Male) |
| 9:52 | Create | Scout Cavalry |
| 9:55 | Create | Villager (Male) |
| 9:59 | Create | Villager (Male) |
| 10:16 | Build | Palisade Wall |
| 10:21 | Create | Villager (Male) |
| 10:40 | Create | Villager (Male) |
| 10:47 | Build | Farm |
| 10:49 | Build | Farm |
| 11:07 | Create | Scout Cavalry |
| 11:09 | Build | Farm |
| 11:11 | Build | Farm |
| 11:23 | Create | Scout Cavalry |
| 11:28 | Build | Farm |
Build order — thankyou9527
62 actions detected in the replay
| 0:00 | Create | Villager (Male) |
| 0:00 | Create | Villager (Male) |
| 0:01 | Create | Villager (Male) |
| 0:01 | Create | Villager (Male) |
| 0:01 | Create | Villager (Male) |
| 0:02 | Build | House |
| 0:04 | Build | House |
| 1:34 | Create | Villager (Male) |
| 2:03 | Build | Lumber Camp |
| 2:10 | Create | Villager (Male) |
| 2:16 | Create | Villager (Male) |
| 2:16 | Create | Villager (Male) |
| 2:47 | Create | Villager (Male) |
| 2:47 | Create | Villager (Male) |
| 3:03 | Create | Villager (Male) |
| 3:03 | Create | Villager (Male) |
| 3:38 | Build | House |
| 3:41 | Create | Villager (Male) |
| 3:41 | Create | Villager (Male) |
| 4:03 | Create | Villager (Male) |
| 4:03 | Create | Villager (Male) |
| 5:00 | Build | House |
| 5:02 | Create | Villager (Male) |
| 5:02 | Create | Villager (Male) |
| 5:05 | Create | Villager (Male) |
| 5:19 | Build | House |
| 5:30 | Create | Villager (Male) |
| 5:30 | Create | Villager (Male) |
| 5:32 | Create | Villager (Male) |
| 5:32 | Create | Villager (Male) |
| 5:38 | Build | Palisade Wall |
| 5:50 | Build | Palisade Wall |
| 5:57 | Build | Palisade Wall |
| 6:08 | Create | Villager (Male) |
| 6:34 | Build | Palisade Wall |
| 6:46 | Build | Palisade Wall |
| 6:55 | Build | Palisade Wall |
| 7:00 | Create | Villager (Male) |
| 7:00 | Create | Villager (Male) |
| 7:00 | Create | Villager (Male) |
| 7:14 | Create | Villager (Male) |
| 7:47 | Build | House |
| 8:01 | Build | Palisade Wall |
| 8:07 | Build | Palisade Wall |
| 8:33 | Research | Loom |
| 9:12 | Build | House |
| 9:28 | Build | Mill |
| 9:32 | Create | Villager (Male) |
| 9:56 | Build | House |
| 9:57 | Build | Palisade Wall |
| 9:58 | Research | Feudal Age |
| 9:58 | Research | Feudal Age |
| 10:27 | Build | House |
| 10:32 | Build | Farm |
| 10:36 | Build | Farm |
| 10:47 | Build | Palisade Gate |
| 11:04 | Create | Villager (Male) |
| 11:25 | Build | Barracks |
| 11:35 | Build | Palisade Wall |
| 11:36 | Build | Palisade Wall |
| 11:37 | Build | Palisade Wall |
| 11:38 | Create | Villager (Male) |
Match timeline
| 5:38 | thankyou9527 · wall_segment Palisade Wall x3 |
| 5:50 | thankyou9527 · wall_segment Palisade Wall x9 |
| 5:57 | thankyou9527 · wall_segment Palisade Wall x13 |
| 6:34 | thankyou9527 · wall_segment Palisade Wall x21 |
| 6:46 | thankyou9527 · wall_segment Palisade Wall x3 |
| 6:55 | thankyou9527 · wall_segment Palisade Wall x8 |
| 7:18 | Shinwari · first_building Barracks |
| 8:01 | thankyou9527 · wall_segment Palisade Wall x6 |
| 8:07 | thankyou9527 · wall_segment Palisade Wall x1 |
| 8:28 | Shinwari · age_up feudal |
| 8:33 | Shinwari · first_building Stable |
| 9:40 | Shinwari · wall_segment Palisade Wall x7 |
| 9:57 | thankyou9527 · wall_segment Palisade Wall x1 |
| 10:16 | Shinwari · wall_segment Palisade Wall x6 |
| 11:25 | thankyou9527 · first_building Barracks |
| 11:35 | thankyou9527 · wall_segment Palisade Wall x1 |
| 11:36 | thankyou9527 · wall_segment Palisade Wall x1 |
| 11:37 | thankyou9527 · wall_segment Palisade Wall x1 |
| 11:43 | thankyou9527 · resign |
[ AI ANALYSIS · 1 CREDIT ]
What really happened in this match?
Wolo.gg analyzes every decision: build order, eco, micro, common mistakes by bracket. Personalized analysis on WhatsApp or Discord in 30 seconds.
Civ guide
Mongols
Perfil
Shinwari